Map: Prion Terraces

Players

nbb - Winner!

  • Race: Terran Terran
  • League: Platinum

SticklerMac

  • Race: Zerg Zerg
  • League: Platinum

VOD

Have the link to the VOD?

Description

Time

  • Played on: Nov. 15, 2015, 9 p.m.
  • Length: 16:32
Show
View Real Time Build Order
Export as new Build Order

nbb Terran - Winner!

Build Orders:  

Get SALT Encoding   

  12  0:02  SCV  
  14  0:14  SCV  
  14  0:18  Supply Depot  
  14  0:26  SCV  
  15  0:31  Refinery  
  15  0:40  SCV  
  16  0:45  Barracks  
  16  0:52  SCV  
  17  1:04  SCV  
  18  1:16  SCV  
  19  1:28  SCV  
  19  1:32  Reaper  
  21  1:34  Supply Depot  
  21  1:40  SCV  
  22  1:58  Orbital Command  
  22  1:59  Command Center  
  22  2:05  Reaper  
  23  2:16  Factory  
  23  2:26  SCV, Refinery  
  24  2:38  SCV  
  25  3:01  Barracks Reactor, Barracks  
  25  3:04  SCV  
  26  3:06  Factory Reactor  
  26  3:09  Supply Depot, Engineering Bay  
  26  3:10  Supply Depot  
  26  3:16  SCV  
  27  3:47  Marine x2  
  27  3:48  Hellion x2  
  32  3:49  Orbital Command  
  32  3:53  Terran Infantry Weapons Level 1  
  32  3:56  Barracks Reactor  
  32  3:59  Barracks  
  32  4:00  Barracks  
  32  4:03  SCV  
  32  4:09  Marine  
  34  4:11  Bunker  
  34  4:14  Hellion  
  34  4:15  SCV  
  37  4:23  SCV  
  38  4:27  SCV  
  38  4:28  Hellion  
  41  4:35  Hellion  
  43  4:43  SCV x2  
  44  4:46  Marine x2  
  44  4:48  Barracks Tech Lab  
  44  4:51  Starport  
  46  4:55  SCV x2  
  48  5:05  Marine x2  
  48  5:06  Marine x2  
  52  5:07  SCV  
  52  5:08  Stimpack, Marauder  
  52  5:10  Widow Mine x2  
  59  5:15  SCV  
  59  5:19  SCV  
  61  5:29  SCV  
  61  5:34  Barracks Tech Lab  
  62  5:41  Starport Reactor  
  62  5:50  Supply Depot  
  62  5:52  Supply Depot x2  
  62  6:05  Factory Tech Lab  
  62  6:07  Terran Infantry Armor Level 1  
  62  6:08  Engineering Bay  
  62  6:10  Armory  
  62  6:11  Marine x4  
  62  6:12  SCV x2, Marauder  
  62  6:14  Marauder  
  72  6:23  Medivac  
  74  6:33  Marauder  
  74  6:35  Marauder  
  74  6:37  Missile Turret  
  76  6:41  Marine x3  
  79  6:48  Factory  
  79  6:52  Refinery  
  79  6:53  Refinery  
  79  6:55  Marauder  
  79  6:57  Command Center, Marauder  
  83  7:06  Supply Depot  
  83  7:08  Supply Depot  
  83  7:10  Supply Depot  
  83  7:16  Marauder, Marine  
  86  7:27  Marine  
  86  7:28  Siege Tank  
  90  7:36  Marauder  
  92  7:38  Marauder  
  92  7:43  SCV x2  
  96  7:45  Marine  
  89  7:55  SCV, Marine x2  
  89  7:58  Marauder  
  94  7:59  Marauder  
  96  8:19  Marauder  
  98  8:21  Marauder  
  98  8:26  Marine x4  
  104  8:28  SCV x2, Siege Tank  
  104  8:30  Factory Tech Lab  
  104  8:32  Factory  
  105  8:40  Marauder  
  101  8:42  Marauder  
  101  8:43  Supply Depot  
  101  8:44  Marine  
  101  8:45  Supply Depot  
  104  8:50  Planetary Fortress  
  104  8:53  SCV x2  
  106  9:02  Marauder  
  108  9:05  SCV, Marine x4  
  108  9:06  Marine  
  114  9:11  Terran Infantry Weapons Level 2  
  114  9:14  Siege Tank  
  114  9:16  Refinery  
  114  9:17  Refinery  
  117  9:20  SCV x2  
  117  9:22  Supply Depot x2  
  117  9:23  Marine  
  120  9:27  Supply Depot  
  120  9:32  SCV x2, Terran Infantry Armor Level 2  
  120  9:33  Marine  
  120  9:34  Marine x3  
  120  9:35  Factory Tech Lab  
  126  9:44  SCV  
  126  9:45  Medivac  
  129  9:53  Marauder x2, Marine x2  
  121  10:12  Marine x2  
  110  10:14  Marauder x2  
  102  10:34  Marine  
  104  10:36  Marauder x2  
  104  10:38  Marine x2  
  104  10:40  Medivac x2  
  105  10:44  SCV x2  
  105  10:49  Siege Tank  
  112  10:57  Marauder x2  
  112  10:59  SCV x2  
  112  11:02  Command Center  
  116  11:10  Medivac x2  
  116  11:11  Marine x3  
  120  11:16  Siege Tank  
  128  11:18  Marauder  
  128  11:19  Marauder  
  128  11:24  SCV  
  128  11:25  SCV x2  
  135  11:40  Marauder, Medivac x2  
  135  11:42  Command Center, Marine x2, Marauder  
  135  11:44  Siege Tank  
  146  11:47  Terran Vehicle Weapons Level 1  
  148  12:01  Marauder  
  148  12:03  Marauder, Marine x3  
  154  12:22  Marauder  
  154  12:25  Marauder  
  154  12:27  Marine x4  
  160  12:30  Siege Tank x2  
  160  12:32  Siege Tank  
  167  12:43  Marine  
  166  12:45  Marine x2  
  164  12:59  Marine  
  164  13:00  Marauder, Marine  
  164  13:02  Marine, Siege Tank x2, Marauder  
  164  13:03  Marine  
  164  13:04  Siege Tank  
  181  13:14  Planetary Fortress  
  172  13:34  Siege Tank  
  172  13:35  Siege Tank  
  172  13:37  Siege Tank  
  179  13:47  Medivac x2  
  148  14:06  Marauder, Siege Tank, Marine  
  148  14:07  Marine x3, Siege Tank, Marauder  
  148  14:09  Siege Tank  
  156  14:22  SCV x3  
  159  14:24  Marine x2  
  159  14:25  Refinery  
  159  14:26  Refinery  
  159  14:28  Marauder x2  
  140  14:39  Siege Tank x2  
  140  14:41  Siege Tank  
  140  14:42  Marine x4  
  145  14:49  Marauder x2  
  131  15:10  Marine x2  
  131  15:11  Marauder x2, Marine x2  
  128  15:22  SCV x2  
  128  15:27  SCV x2  
  132  15:32  Marauder x2  
  132  15:34  SCV x2  
  133  15:50  Marine x4  
  133  15:53  Marauder x2  
  133  15:55  Medivac  
  133  15:56  Medivac  
  137  16:08  Marine x2  
  137  16:10  SCV x2  
  137  16:11  SCV x2  
  143  16:14  Refinery  
  143  16:15  Refinery  
  143  16:16  Command Center  
  145  16:26  Command Center  
Show
View Real Time Build Order
Export as new Build Order

SticklerMac Zerg 

Build Orders: Hatch First 

Get SALT Encoding   

  12  0:01  Drone  
  13  0:12  Overlord  
  13  0:17  Drone  
  14  0:30  Drone x2  
  16  0:36  Drone  
  17  0:55  Hatchery  
  17  0:57  Drone  
  17  0:59  Drone  
  17  1:03  Extractor  
  17  1:16  Spawning Pool  
  16  1:19  Drone  
  16  1:22  Drone  
  18  1:29  Overlord  
  18  1:43  Drone  
  19  1:50  Drone  
  20  2:01  Drone  
  20  2:06  Queen  
  20  2:08  Queen  
  23  2:11  Metabolic Boost  
  25  2:16  Drone x2  
  25  2:19  Drone  
  28  2:27  Drone  
  29  2:31  Drone  
  29  2:33  Drone  
  29  3:06  Roach Warren  
  28  3:13  Drone x4  
  28  3:14  Drone x2  
  34  3:23  Zergling x2  
  34  3:24  Zergling x4  
  35  3:30  Drone  
  35  3:31  Drone  
  34  3:50  Overlord x2  
  34  3:51  Overlord  
  34  3:56  Drone x2, Extractor  
  34  3:58  Drone  
  36  4:05  Overlord  
  36  4:13  Drone  
  36  4:16  Drone x2  
  39  4:18  Drone  
  39  4:21  Lair  
  40  4:24  Drone x3  
  40  4:25  Extractor  
  40  4:28  Drone  
  40  4:29  Drone  
  40  4:30  Drone  
  45  4:35  Queen  
  46  4:42  Drone  
  46  4:43  Drone  
  46  4:44  Drone  
  49  4:51  Drone x2  
  51  4:53  Roach x2  
  51  4:54  Overlord  
  55  5:14  Hatchery  
  55  5:19  Queen  
  55  5:20  Queen  
  56  5:24  Roach x7  
  69  5:34  Roach  
  69  5:35  Roach x2  
  75  5:39  Overlord  
  75  5:40  Overlord  
  75  5:43  Glial Reconstitution  
  75  5:59  Roach x5  
  85  6:12  Roach x2  
  85  6:13  Roach  
  85  6:14  Overlord  
  91  6:33  Hatchery, Roach  
  91  6:34  Roach x3  
  98  6:47  Overlord x4  
  98  6:48  Overlord  
  98  7:06  Roach x7  
  98  7:07  Roach x2  
  116  7:09  Ravager  
  116  7:10  Ravager x4  
  122  7:22  Drone  
  122  7:23  Drone  
  122  7:27  Roach x3  
  129  7:31  Ravager  
  129  7:33  Ravager  
  129  7:35  Overlord x4  
  129  7:36  Overlord  
  131  8:00  Drone x4  
  131  8:01  Drone x2  
  131  8:44  Roach x6  
  131  8:45  Roach x12  
  167  8:58  Roach x3  
  173  9:12  Hatchery  
  173  9:14  Roach x2  
  176  9:19  Hatchery  
  175  9:27  Roach  
  175  9:30  Overlord x4  
  177  9:37  Evolution Chamber x2  
  175  9:54  Roach x5  
  175  9:55  Roach x6  
  179  10:14  Roach x11  
  131  10:29  Roach x5  
  122  10:42  Roach  
  122  10:43  Roach x8  
  138  10:57  Queen  
  138  10:58  Queen  
  142  11:09  Drone x7  
  142  11:10  Drone x4  
  153  11:29  Queen x2  
  153  11:30  Queen  
  159  11:48  Roach  
  159  11:49  Roach x11  
  159  11:54  Drone x5  
  186  11:55  Drone  
  186  11:56  Drone  
  186  11:59  Drone, Extractor  
  186  12:00  Drone  
  186  12:01  Extractor  
  171  13:07  Roach x10  
  171  13:08  Roach x5  
  193  13:21  Roach x3  
  173  13:38  Ravager x8  
  173  13:39  Ravager, Queen  
  173  13:40  Queen  
  173  13:41  Zergling x16  
  185  13:42  Zergling x16  
  113  14:08  Roach  
  113  14:09  Roach x8, Zergling x2  
  130  14:10  Zergling x20  
  133  14:38  Roach x5  
  65  15:16  Roach x9  
  65  15:17  Roach x4  
  86  15:21  Roach  
  86  15:22  Roach  
  72  15:39  Roach  
  72  15:40  Roach x5  
  70  15:49  Roach x2  
  67  15:59  Roach  
  67  16:00  Roach x2  
Tags
 
Add a new tag
Caveats
  • Supply blocks, unpowered buildings, or Contaminate may cause inaccurate times.
  • Supply counts are checked every 10 seconds.